 Dungeon Crawl Stone Soup version 0.27-b1-42-g19c61b19a5 (webtiles) character file.

Game seed: 16263700456327468810

11619 shadowrider38 the Cleaver (level 11, -11/92 (95) HPs)
             Began as a Minotaur Berserker on July 30, 2021.
             Was an Elder of Trog.
             Mangled by a red ugly thing (16 damage)
             ... on level 9 of the Dungeon.
             The game lasted 00:23:03 (10673 turns).

shadowrider38 the Cleaver (Minotaur Berserker)     Turns: 10673, Time: 00:23:04

HP:   -11/92 (95)   AC: 20    Str: 25    XL:     11   Next: 51%
MP:   10/10         EV:  9    Int:  4    God:    Trog [****..]
Gold: 207           SH:  0    Dex: 16    Spells: 10/10 levels left

rFire    . . .     SeeInvis .   a - +3 hand axe
rCold    . . .     Faith    .   (no shield)
rNeg     . . .     Spirit   .   B - +0 plate armour
rPois    .         Reflect  .   (helmet restricted)
rElec    .         Harm     .   (no cloak)
rCorr    .         Rampage  .   k - +1 pair of gloves
Will     .....                  q - +0 pair of boots
Stlth    ..........             (no amulet)
HPRegen  0.25/turn              r - +6 ring of dexterity
MPRegen  0.12/turn              (no ring)

@: on berserk cooldown, slowed, lightly drained, very slow
A: horns 2, retaliatory headbutt
a: Renounce Religion, Berserk, Trog's Hand, Brothers in Arms


You were on level 9 of the Dungeon.
You worshipped Trog.
Trog was greatly pleased with you.
You visited 2 branches of the dungeon, and saw 10 of its levels.

You collected 424 gold pieces.
You spent 217 gold pieces at shops.

Inventory:

Hand Weapons
 a - a +3 hand axe (weapon)
 y - a +0 war axe
Armour
 k - a +1 pair of gloves (worn)
 q - a +0 pair of boots (worn)
 B - a +0 plate armour (worn)
Jewellery
 r - a +6 ring of dexterity (left hand)
Wands
 g - a wand of polymorph (9)
 n - a wand of mindburst (14)
 z - a wand of paralysis (14)
Scrolls
 b - a scroll of enchant armour {unknown}
 e - 2 scrolls of fear {unknown}
 j - a scroll of silence {unknown}
 o - a scroll of immolation {unknown}
 p - 3 scrolls of amnesia {unknown}
 u - a scroll of acquirement {unknown}
 v - a scroll of fog {unknown}
 w - a scroll of summoning {unknown}
 x - a scroll of enchant weapon {unknown}
 A - a scroll of magic mapping {unknown}
Potions
 c - 3 potions of attraction {unknown}
 d - a potion of lignification
 f - 4 potions of curing {unknown}
 h - 2 potions of might {unknown}
 i - a potion of mutation
 l - 3 potions of degeneration {unknown}
 m - a potion of haste
 s - 2 potions of ambrosia
 t - 3 potions of heal wounds {unknown}
 C - a potion of flight {unknown}


   Skills:
 + Level 8.7 Fighting
 - Level 0.8(1.1) Short Blades
 - Level 1.0(1.2) Long Blades
 - Level 14.0 Axes
 - Level 1.0(9.4) Polearms
 - Level 1.1(1.3) Staves
 - Level 0.7(1.0) Slings
 - Level 0.7 Bows
 - Level 0.7 Crossbows
 - Level 0.9(1.0) Throwing
 - Level 13.8 Armour
 - Level 3.0 Dodging
 - Level 1.0 Shields
 - Level 0.7 Unarmed Combat
 - Level 0.7 Invocations
 - Level 0.6 Evocations


You had 10 spell levels left.
You didn't know any spells.
Your spell library was empty.

Dungeon Overview and Level Annotations

Branches:
Dungeon (9/15)             Temple (1/1) D:5            Lair (0/6) D:9
    Orc: D:9-12

Altars:
Ashenzari
Cheibriados
Dithmenos
Elyvilon
Fedhas
Gozag
Hepliaklqana
Kikubaaqudgha
Makhleb
Nemelex Xobeh
Okawaru
Qazlal
Ru
Sif Muna
Trog
Uskayaw
Vehumet
Wu Jian
Xom
Yredelemnul
Zin
The Shining One

Shops:
D:1 (   D:2 *   D:5 !(?=:

Annotations:
D:3 1 runed translucent door, Crazy Yiuf
D:6 2 transporters, Rallik's ghost, novice KoEn


Innate Abilities, Weirdness & Mutations

You have a pair of horns on your head.
You reflexively headbutt those who attack you in melee.


Message History

The red ugly thing is heavily wounded.
The red ugly thing engulfs you but does no damage.
You hit the red ugly thing but do no damage.
You headbutt the red ugly thing.
The red ugly thing is heavily wounded.
The red ugly thing engulfs you!
You are engulfed in flames!!
* * * LOW HITPOINT WARNING * * *
A wight comes into view. It is wielding a +3 halberd.
The red ugly thing closely misses you.
A wight comes into view.
It is wielding a +3 battleaxe of freezing.
A wight comes into view. It is wielding a +1 morningstar.
A wight comes into view. It is wielding a +3 dagger of freezing.
The wight hits you with a +3 halberd.
* * * LOW HITPOINT WARNING * * *
You feel drained.
* * * LOW HITPOINT WARNING * * *
A red film seems to cover your vision as you go berserk!
You feel yourself moving faster!
You feel mighty! The wight hits you but does no damage.
The red ugly thing engulfs you but does no damage.
You slash the wight!
The wight is severely damaged.
You hit the red ugly thing. The wight hits you with a +3 halberd.
* * * LOW HITPOINT WARNING * * *
You feel drained.
You slash the wight!
You destroy the wight!
Trog accepts your kill.
You hit the red ugly thing. The red ugly thing barely misses you.
You furiously retaliate!
You headbutt the red ugly thing.
A wight comes into view. It is wielding a +0 rapier.
You feel a strong urge to attack something.
You feel your anger nearly subside.
You are no longer berserk.
You are exhausted.
You feel yourself slow down.
The red ugly thing engulfs you but does no damage.
The red ugly thing engulfs you.
* * * LOW HITPOINT WARNING * * *
You are engulfed in flames!
You die...

..........#.).......#.....##
.......#...)).....##.....##
#......#....#.)..##...).##
##.....#...##...##.....###
####.##..#######..........
####.## ##............ #.##
###............. ##.#
##...)...........
#..####....@...........
###.........uz...........
###...........z...........
##........................
..(......................
............z...#........
..............z#########
...............#
..............##


You could see a red ugly thing and 4 wights.

Vanquished Creatures
  A two-headed ogre (D:8)
  Pikel (D:4)
  A hornet (D:8)
  A wraith (D:6)
  13 yaks
  A steam dragon (D:8)
  2 water moccasins
  An orc warrior (D:8)
  3 ogres
  3 necrophages
  5 centaurs
  A lemure (D:4)
  2 kobold brigands
  2 bullfrogs (D:9)
  A scorpion (D:6)
  9 wights
  3 centaur zombies
  5 hounds
  An orc priest (D:8)
  2 jellies (D:5)
  2 gnoll shamans
  A bullfrog skeleton (D:5)
  2 iguanas
  6 orc wizards
  Ijyb (D:3)
  A howler monkey zombie (D:6)
  7 adders
  8 gnolls
  2 white imps (D:6)
  2 ufetubi
  2 worms (D:2)
  17 orcs
  5 bats
  A bat zombie (D:5)
  6 endoplasms
  A giant cockroach (D:1)
  7 hobgoblins
  10 jackals
  20 kobolds
  A quokka (D:2)
  10 ball pythons
  A frilled lizard (D:2)
  7 goblins
  8 rats (D:1)
  2 rat zombies (D:5)
188 creatures vanquished.

Vanquished Creatures (collateral kills)
  Erolcha (D:9)
1 creature vanquished.

Grand Total: 189 creatures vanquished

Notes
Turn   | Place    | Note
-------+----------+-------------------------------------------
     0 | D:1      | shadowrider38 the Minotaur Berserker began the quest for
                  | the Orb.
     0 | D:1      | Reached XP level 1. HP: 19/19 MP: 0/0
   281 | D:1      | Found Wejaaj's Antique Weapon Shop.
   296 | D:1      | Reached XP level 2. HP: 25/27 MP: 1/1
   335 | D:1      | Reached skill level 4 in Axes
   399 | D:1      | Found a faded altar of an unknown god.
   931 | D:2      | Reached ** piety under Trog
   932 | D:2      | Reached XP level 3. HP: 33/33 MP: 2/2
  1318 | D:2      | Found Ulalob's Assorted Antiques.
  1622 | D:3      | Reached XP level 4. HP: 37/41 MP: 3/3
  1751 | D:3      | Reached skill level 5 in Axes
  1895 | D:3      | Reached XP level 5. HP: 32/47 MP: 4/4
  2056 | D:3      | Found a runed translucent door.
  2057 | D:3      | Noticed Crazy Yiuf
  2234 | D:3      | Noticed Ijyb
  2241 | D:3      | Killed Ijyb
  3010 | D:3      | Reached skill level 6 in Axes
  3015 | D:4      | Reached *** piety under Trog
  3057 | D:4      | Reached XP level 6. HP: 30/55 MP: 5/5
  3601 | D:4      | Reached skill level 7 in Axes
  3667 | D:4      | Reached skill level 8 in Axes
  4236 | D:5      | Entered Level 5 of the Dungeon
  4242 | D:5      | Reached XP level 7. HP: 54/60 MP: 6/6
  4249 | D:5      | Reached skill level 9 in Axes
  4344 | D:5      | Noticed Pikel
  4346 | D:5      | Found Melo's Antique Weapon Emporium.
  4399 | D:4      | Killed Pikel
  4400 | D:4      | Reached skill level 10 in Axes
  4400 | D:4      | Reached XP level 8. HP: 40/67 MP: 7/7
  4657 | D:5      | Found Uckifred's Distillery.
  4714 | D:5      | Reached skill level 11 in Axes
  4845 | D:5      | Found a staircase to the Ecumenical Temple.
  4941 | D:5      | Found Icanez's Magic Scroll Shoppe.
  5140 | D:5      | Found Dytij Hami's Book Shoppe.
  5148 | D:5      | Found Toigg's Jewellery Shop.
  5365 | D:5      | Found an ancient bone altar of Kikubaaqudgha.
  5700 | D:2      | Bought a pair of glowing gloves for 217 gold pieces
  5778 | D:6      | Noticed Rallik's ghost (novice KoEn)
  5779 | D:6      | Found a transporter.
  5882 | D:6      | Found a transporter.
  5928 | D:6      | Reached skill level 12 in Axes
  6612 | Temple   | Entered the Ecumenical Temple
  6902 | D:6      | Reached skill level 13 in Axes
  7034 | D:7      | Reached **** piety under Trog
  7045 | D:7      | Reached XP level 9. HP: 61/73 MP: 8/8
  7377 | D:7      | Reached skill level 14 in Axes
  7801 | D:8      | Reached skill level 1 in Long Blades
  7801 | D:8      | Reached skill level 1 in Polearms
  7801 | D:8      | Reached skill level 1 in Staves
  7801 | D:8      | Reached skill level 1 in Shields
  7817 | D:7      | Reached skill level 5 in Armour
  8208 | D:9      | Reached XP level 10. HP: 24/80 MP: 9/9
  9511 | D:8      | Reached skill level 10 in Armour
  9619 | D:8      | Reached XP level 11. HP: 94/94 MP: 10/10
  9657 | D:8      | Noticed a two-headed ogre
  9666 | D:8      | Killed a two-headed ogre
 10251 | D:9      | Noticed Erolcha
 10256 | D:9      | Killed Erolcha
 10300 | D:9      | Found a staircase to the Lair.
 10619 | D:9      | Noticed a red ugly thing
 10673 | D:9      | Mangled by a red ugly thing

Illustrated notes

Levels and vault maps discovered:
D:1:      dpeg_arrival_ratfight, layout_basic,
          hellmonk_ecumenical_altar_zigzags, serial_shops, shop_statue
D:2:      layout_basic, serial_shops, nicolae_shop_behind_doors
D:3:      layout_loops_corners, uniq_ijyb, uniq_crazy_yiuf_cottage
D:4:      layout_basic, minmay_misc_feat_encased, minmay_misc_feat_rugged,
          kennysheep_dice
D:5:      layout_basic, lemuel_zombie_altar_kikubaaqudgha,
          minmay_temple_entry_arrows, serial_shops, kennysheep_mini, shop, shop,
          shop, nicolae_shop_temple_entry_statues_fountains, uniq_pikel
D:6:      layout_loops_ring, gammafunk_ghost_arena
D:7:      layout_basic, minmay_ruined_shrine
D:8:      layout_layer_cave, skrybe_limestone_x, kennysheep_generic_room_12
D:9:      layout_cave_pods, lair_entry_dummy, uniq_erolcha
Temple:   compressed_dpeg_circular_temple

Skill      XL: |  1  2  3  4  5  6  7  8  9 10 |
---------------+-------------------------------+-----
Fighting       | 4 8 |  8.7
Axes           | 4 5 6 8 10 13 14 | 14.0
Armour         | 3 7 13 | 13.8
Dodging        | 3 |  3.0
Long Blades    | 1 |  1.0
Polearms       | 1 |  1.0
Staves         | 1 |  1.1
Shields        | 1 |  1.0
Short Blades   | |  0.8
Slings         | |  0.7
Bows           | |  0.7
Crossbows      | |  0.7
Throwing       | |  0.9
Unarmed Combat | |  0.7
Invocations    | |  0.7
Evocations     | |  0.6

Action                   |  1- 3 |  4- 6 |  7- 9 | 10-12 || total
-------------------------+-------+-------+-------+-------++-------
Melee: Hand axe          |    89 |    90 |   242 |   131 ||   552
       Headbutt          |    12 |    17 |    53 |    41 ||   123
Invok: Berserk           |       |       |     1 |     2 ||     3
       Trog's Hand       |       |       |       |     1 ||     1
       Brothers in Arms  |       |       |       |     1 ||     1
  Use: Scroll            |       |       |       |     5 ||     5
       Potion            |       |       |       |     1 ||     1
Armor: Animal skin       |    12 |       |       |       ||    12
       Ring mail         |     6 |    11 |       |       ||    17
       Scale mail        |       |    28 |       |       ||    28
       Chain mail        |       |       |   104 |    25 ||   129
       Plate armour      |       |       |       |    37 ||    37
Dodge: Dodged            |    44 |    52 |   100 |    58 ||   254
